 Dungeon Crawl Stone Soup version 0.31.0-32-g396128a36d (webtiles) character file.

Game seed: 17613411776152337308

1108 qwertt the Chiller (level 8, -1/61 HPs)
             Began as a Merfolk Ice Elementalist on Mar 17, 2024.
             Was a Priest of Wu Jian.
             Succumbed to a kobold brigand's curare-tipped dart
             ... on level 6 of the Dungeon on Mar 18, 2024.
             The game lasted 00:56:45 (4738 turns).

qwertt the Chiller (Merfolk Ice Elementalist)       Turns: 4738, Time: 00:56:45

Health: -1/61      AC: 12    Str:  9    XL:     8   Next: 33%
Magic:  22/22      EV:  9    Int: 13    God:    Wu Jian [***...]
Gold:   272        SH:  8    Dex: 19    Spells: 12/13 levels left

rFire   + . .        k - +3 short sword (venom)
rCold   + . .        O - +0 kite shield
rNeg    + . .        t - +2 ring mail {rN+}
rPois   .            H - +2 helmet {SInv}
rElec   .            j - scarf {rC+ rF+}
rCorr   .            (no gloves)
SInv    +            J - +0 pair of boots
Will    .....        o - amulet of faith
Stlth   ++           L - ring of magical power
HPRegen 0.30/turn    I - ring of see invisible
MPRegen 0.18/turn

%: faith
@: lethally poisoned (-1 -> -22), slowed, very slow
A: (nimble swimmer 2), mertail, agile 1, robust 1, MP-powered wands
a: Renounce Religion, Wall Jump, Serpent's Lash


You were on level 6 of the Dungeon.
You worshipped Wu Jian.
Wu Jian was most pleased with you.
You visited 1 branch of the dungeon, and saw 6 of its levels.

You collected 272 gold pieces.

Inventory:

Hand Weapons
 d - a +4 dagger
 k - a +3 short sword of venom (weapon)
 q - a +0 dagger of draining
 A - a +3 dagger of holy wrath
 E - a +3 hand axe of venom
Missiles
 p - 2 poisoned darts
 K - a throwing net
Armour
 j - a scarf of resistance (worn)
 m - a +1 ring mail
 r - a +0 ring mail of cold resistance
 t - a +2 ring mail of positive energy (worn)
 H - a +2 helmet of see invisible (worn)
 J - a +0 pair of boots (worn)
 O - a +0 kite shield (worn)
Magical Staves
 N - a staff of conjuration
Jewellery
 c - a ring of protection from fire
 n - a ring of wizardry
 o - an amulet of faith (around neck)
 I - a ring of see invisible (right hand)
 L - a ring of magical power (left hand)
Talismans
 e - a flux talisman
 f - a beast talisman
Wands
 l - a wand of paralysis (8)
Scrolls
 h - a scroll of immolation {unknown}
 u - a scroll of vulnerability
 v - 2 scrolls of enchant weapon
 y - 4 scrolls of teleportation
 z - a scroll of noise
 F - a scroll of brand weapon {unknown}
 G - a scroll of fear {unknown}
Potions
 a - a potion of heal wounds {unknown}
 b - a potion of magic
 g - 3 potions of degeneration {unknown}
 w - a potion of mutation
 B - 2 potions of attraction {unknown}
 C - 2 potions of brilliance


   Skills:
 + Level 2.1 Fighting
 + Level 4.4 Short Blades
 + Level 3.2 Armour
 + Level 4.7 Dodging
 + Level 4.9 Stealth
 + Level 0.1 Shields
 + Level 3.3 Spellcasting
 + Level 5.9 Ice Magic
 + Level 1.1 Evocations


You had 12 spell levels left.
You knew the following spells:

 Your Spells              Type           Power      Damage    Failure   Level
a - Freeze                Ice            68%        1d8       32%         1

Your spell library contained the following spells:

 Spells                   Type           Power      Damage    Failure   Level
 Frozen Ramparts          Ice            34%        1d6       67%         3
 Ozocubu's Armour         Ice            17%        N/A       67%         3
 Summon Ice Beast         Ice/Summ       9%         N/A       97%         3
 Lesser Beckoning         Tloc           4%         N/A       99%         2
 Gell's Gravitas          Tloc           2%         N/A       100%        3
 Teleport Other           Tloc           2%         N/A       100%        3
 Manifold Assault         Tloc           2%         N/A       100%        4
 Dispersal                Tloc           1%         N/A       100%        6
 Disjunction              Tloc           1%         N/A       100%        8


Dungeon Overview and Level Annotations

Branches:
Dungeon (6/15)             Temple (0/1) D:4

Altars:
Ashenzari
Gozag
Hepliaklqana
Makhleb
Nemelex Xobeh
Wu Jian
Zin

Shops:
D:6 [

Annotations:
D:5 1 runed translucent door, Henri's ghost, novice OpSh


Innate Abilities, Weirdness & Mutations

((You are very nimble when in or above water. (Stealth+, EV+, Speed+++)))
Your lower body shifts to a powerful aquatic tail in water.
You are agile. (Dex +4, Str/Int -1)
You are robust. (+10% HP)
You expend magic power (3 MP) to strengthen your wands.


Message History

The kobold brigand attacks as it pursues you!
You block the kobold brigand's attack. The kobold brigand barely misses you.
The kobold brigand throws a curare-tipped dart.
The curare-tipped dart barely misses you.
The kobold brigand throws a curare-tipped dart.
You block the curare-tipped dart.
The kobold brigand throws a curare-tipped dart.
The curare-tipped dart barely misses you.
The kobold brigand throws a curare-tipped dart.
The curare-tipped dart hits you.
You are poisoned.
You have difficulty breathing.
You feel as though you will be slow longer.
You feel very sick.
You feel very sick.
The kobold brigand throws a curare-tipped dart.
The curare-tipped dart hits you.
You are more poisoned.
You have difficulty breathing.
You feel as though you will be slow longer.
A jelly comes into view.
You feel very sick.
The jelly quivers.
You hit the jelly.
Your hands burn!
* * * LOW HITPOINT WARNING * * *
The jelly is lightly wounded.
You feel very sick.
The kobold brigand throws a curare-tipped dart.
The curare-tipped dart completely misses you.
The jelly barely misses you.
The kobold brigand throws a curare-tipped dart.
The curare-tipped dart hits you.
You are lethally poisoned!
You have difficulty breathing.
* * * LOW HITPOINT WARNING * * *
You feel as though you will be slow longer.
You hit the jelly.
Your hands burn!
* * * LOW HITPOINT WARNING * * *
The jelly is lightly wounded.
You die...

#........
#.K######
#.K# #.K#
#K.# #..#
##########.K#
#...KKKKK...#
#@########.##
#....J.# #.#
######## #.#
#.#######
#........
#########


You could see a kobold brigand, a jelly and 4 kobolds.

Vanquished Creatures
  3 ogres
  2 gnoll sergeants (D:5)
  3 scorpions
  4 hounds
  A jelly (D:5)
  An orc priest (D:4)
  2 iguanas (D:4)
  Ijyb (D:4)
  An orc wizard (D:4)
  10 gnolls (D:5)
  7 adders
  4 dart slugs
  2 ribbon worms
  16 orcs
  2 bats
  10 endoplasms
  A giant cockroach (D:4)
  5 goblins
  9 hobgoblins
  3 jackals (D:4)
  2 quokkas (D:1)
  7 ball pythons
  2 frilled lizards
  8 kobolds
  8 rats
114 creatures vanquished.

Notes
Turn   | Place    | Note
-------+----------+-------------------------------------------
     0 | D:1      | qwertt the Merfolk Ice Elementalist began the quest for the
                  | Orb.
     0 | D:1      | Reached XP level 1. HP: 13/13 MP: 3/3
   143 | D:1      | Found a faded altar of an unknown god.
   309 | D:1      | Reached XP level 2. HP: 18/19 MP: 0/5
   451 | D:1      | Prayed at the altar of an unknown god.
   451 | D:1      | Became a worshipper of the Wu Jian Council
   451 | D:1      | Reached * piety under Wu Jian
  1092 | D:2      | Reached XP level 3. HP: 20/24 MP: 4/6
  1254 | D:2      | Reached ** piety under Wu Jian
  1261 | D:2      | Reached skill level 5 in Ice Magic
  1484 | D:2      | Reached skill level 1 in Short Blades
  1496 | D:2      | Reached XP level 4. HP: 30/30 MP: 7/7
  2735 | D:4      | Reached XP level 5. HP: 34/36 MP: 6/8
  2780 | D:4      | Found a burning altar of Makhleb.
  2789 | D:4      | Reached skill level 1 in Armour
  2790 | D:4      | Found an opulent altar of Gozag.
  2796 | D:4      | Found a broken altar of Ashenzari.
  2799 | D:4      | Found a sparkling altar of Nemelex Xobeh.
  2801 | D:4      | Found a hazy altar of Hepliaklqana.
  2806 | D:4      | Found a glowing silver altar of Zin.
  2817 | D:4      | Reached skill level 1 in Fighting
  2850 | D:4      | Reached *** piety under Wu Jian
  2980 | D:4      | Noticed Ijyb
  2994 | D:4      | Paralysed by Ijyb for 3 turns
  3004 | D:4      | Killed Ijyb
  3005 | D:4      | Reached XP level 6. HP: 33/41 MP: 10/10
  3136 | D:4      | Found a staircase to the Ecumenical Temple.
  3256 | D:4      | Gained mutation: You are agile. (Dex +4, Str/Int -1)
                  | [potion of mutation]
  3256 | D:4      | Gained mutation: You expend magic power (3 MP) to
                  | strengthen your wands. [potion of mutation]
  3256 | D:4      | Gained mutation: You are robust. (+10% HP) [potion of
                  | mutation]
  3508 | D:5      | Entered Level 5 of the Dungeon
  3839 | D:5      | Reached XP level 7. HP: 45/52 MP: 11/11
  4291 | D:5      | Reached XP level 8. HP: 61/61 MP: 13/13
  4448 | D:5      | Found a runed translucent door.
  4449 | D:5      | Noticed Henri's ghost (novice OpSh)
  4486 | D:5      | Reached skill level 1 in Evocations
  4599 | D:6      | Found Attoezy's Armour Boutique.
  4599 | D:6      | Noticed an animated plate armour
  4601 | D:6      | Noticed an animated crystal plate armour
  4738 | D:6      | Succumbed to a kobold brigand's curare-tipped dart

Illustrated notes

Levels and vault maps discovered:
D:1:      amcnicky_arrival_flooded_fountain, layout_loops_ring,
          hellmonk_ecumenical_altar_zigzags, nicolae_wormholes
D:2:      layout_basic, minmay_tromino_mix6
D:3:      layout_loops_corners
D:4:      layout_rooms, nicolae_overflow_hallway_of_the_gods,
          minmay_temple_entry_wispy, mrwooster_statue_mirror,
          kennysheep_generic_room_5, uniq_ijyb
D:5:      layout_loops_cross, gammafunk_ghost_grave
D:6:      layout_loops_ring, nicolae_uskayaw_dance_hall, serial_shops,
          nicolae_shop_mannequins

Skill      XL: |  1  2  3  4  5  6  7  8 |
---------------+-------------------------+-----
Dodging        | 3 4 |  4.7
Ice Magic      | 5 |  5.9
Short Blades   | 1 2 3 4 |  4.4
Armour         | 1 2 3 |  3.2
Fighting       | 1 2 |  2.1
Spellcasting   | 3 |  3.3
Stealth        | 3 4 |  4.9
Evocations     | 1 |  1.1
Shields        | |  0.1

Action                     |  1- 3 |  4- 6 |  7- 9 || total
---------------------------+-------+-------+-------++-------
  Melee: Unarmed           |     9 |       |       ||     9
         Dagger            |    10 |       |       ||    10
         Short sword       |    53 |   153 |    78 ||   284
         Punch             |     3 |     4 |     1 ||     8
   Cast: Freeze            |    23 |    15 |       ||    38
 Invoke: Serpent's Lash    |       |     1 |     3 ||     4
Ability: Lunge             |     9 |     8 |     5 ||    22
         Whirlwind         |     3 |     3 |       ||     6
         Wall Jump         |       |       |     1 ||     1
  Evoke: Wand              |       |     2 |       ||     2
    Use: Scroll            |     6 |     5 |       ||    11
         Potion            |       |     2 |       ||     2
   Stab: Sleeping          |       |     3 |     8 ||    11
         Distracted        |       |     1 |       ||     1
 Armour: Robe              |    14 |       |       ||    14
         Scale mail        |    22 |       |       ||    22
         Ring mail         |    12 |    95 |    38 ||   145
  Dodge: Dodged            |    31 |    97 |    37 ||   165
  Block: Kite shield       |       |       |    10 ||    10
